 Dungeon Crawl Stone Soup version 0.29-a0-666-g26d293caef (webtiles) character file.

Game seed: 13003937302021009518

1117 RetardAnonLol the Cleaver (level 8, -6/69 HPs)
             Began as a Hill Orc Fighter on June 23, 2022.
             Was a Priest of Nemelex Xobeh.
             Killed from afar by a steam dragon (14 damage)
             ... with a ball of steam
             ... on level 5 of the Dungeon.
             The game lasted 00:31:31 (7157 turns).

RetardAnonLol the Cleaver (Hill Orc Fighter)        Turns: 7157, Time: 00:31:31

Health: -6/69      AC:  8    Str: 20    XL:     8   Next: 34%
Magic:  8/8        EV:  9    Int:  7    God:    Nemelex Xobeh [***...]
Gold:   287        SH:  5    Dex: 14    Spells: 0/7 levels left

rFire   . . .      SeeInvis .   a - +0 war axe
rCold   . . .      Faith    .   c - +0 buckler
rNeg    . . .      Spirit   .   b - +1 scale mail
rPois   .          Reflect  .   (no helmet)
rElec   .          Harm     .   (no cloak)
rCorr   .          Rampage  .   (no gloves)
Will    .....                   (no boots)
Stlth   ..........              (no amulet)
HPRegen 0.21/turn               (no ring)
MPRegen 0.11/turn               (no ring)

@: no status effects
A: agile 1
a: Renounce Religion, Draw Escape, Draw Destruction, Draw Summoning, Triple Draw


You were on level 5 of the Dungeon.
You worshipped Nemelex Xobeh.
Nemelex Xobeh was most pleased with you.
You visited 1 branch of the dungeon, and saw 6 of its levels.

You collected 287 gold pieces.

Inventory:

Hand Weapons
 a - a +0 war axe (weapon)
Missiles
 i - 18 stones
 q - a throwing net
Armour
 b - a +1 scale mail (worn)
 c - a +0 buckler (worn)
Jewellery
 j - a ring of poison resistance
Wands
 e - a wand of flame (3) (quivered)
 l - a wand of paralysis (10)
Scrolls
 f - a scroll of vulnerability
 g - a scroll of teleportation
 m - 2 scrolls of amnesia
 p - a scroll of identify
Potions
 d - 2 potions of might
 k - 4 potions of brilliance
 n - a potion of heal wounds
 o - 2 potions of haste


   Skills:
 + Level 5.5 Fighting
 + Level 8.4 Axes
 + Level 6.3 Armour
 + Level 1.2 Dodging
 + Level 0.9 Stealth
 + Level 4.8 Shields
 + Level 0.8 Evocations


You couldn't memorise any spells.
You knew the following spells:

 Your Spells              Type           Power      Damage    Failure   Level
a - Apportation           Tloc           0%         N/A       85%         1
b - Conjure Flame         Conj/Fire      0%         6-21      99%         3
c - Foxfire               Conj/Fire      0%         2x1d4     85%         1
d - Scorch                Fire           0%         2d5       94%         2

Your spell library contained the following spells:

 Spells                   Type           Power      Damage    Failure   Level
 Gell's Gravitas          Tloc           0%         N/A       99%         3
 Ignite Poison            Fire/Tmut/Pois 0%         N/A       99%         3
 Inner Flame              Hex/Fire       0%         N/A       99%         3
 Lesser Beckoning         Tloc           0%         N/A       99%         3
 Teleport Other           Tloc           0%         N/A       99%         3
 Flame Wave               Conj/Fire      0%         2d4       100%        4
 Sticky Flame             Conj/Fire      0%         2d3       100%        4
 Alistair's Intoxication  Tmut/Pois      0%         N/A       100%        5
 Summon Cactus Giant      Summ           0%         N/A       100%        6


Dungeon Overview and Level Annotations

Branches:
Dungeon (6/15)
 Temple: D:4-7

Altars:
Nemelex Xobeh

Shops:
D:1 [   D:3 (


Innate Abilities, Weirdness & Mutations

You are agile. (Dex +4, Int/Str-1)


Message History

You hit the orc.
The orc is moderately wounded.
You hit the steam dragon but do no damage.
The orc barely misses you. The steam dragon barely misses you.
The steam dragon claws you but does no damage.
You hit the orc.
You kill the orc!
You hit the steam dragon. The steam dragon bites you!
The steam dragon barely misses you.
Things that are here:
a +0 club; a +0 chain mail; an orc corpse You hit the steam dragon.
The steam dragon is moderately wounded.
The steam dragon barely misses you. You block the steam dragon's attack.
You slash the steam dragon!
The steam dragon is heavily wounded.
The steam dragon bites you but does no damage.
The steam dragon claws you but does no damage.
You hit the steam dragon but do no damage.
The steam dragon is heavily wounded.
You block the steam dragon's attack.
The steam dragon claws you but does no damage.
The steam dragon breathes steam at you. The ball of steam hits you!
You hit the steam dragon but do no damage.
The steam dragon is heavily wounded.
You are engulfed in a cloud of scalding steam.
The steam dragon breathes steam at you. The ball of steam hits you!
* * * LOW HITPOINT WARNING * * *
You slash the steam dragon!
The steam dragon is severely wounded.
You are engulfed in a cloud of scalding steam.
The steam dragon closely misses you. The steam dragon claws you.
* * * LOW HITPOINT WARNING * * *
You draw a card...
You have drawn the Cloud.
Clouds appear around you! The steam dragon breathes steam at you.
The ball of steam hits you!
You die...
Your body glows with a rainbow of weird colours and disappears.

#...#.....#.#####
#...#.....#.....##
#...##.#..#####..### ###.###.#..#
##...## ##...###...## ###...
##.........## ########
#.....§§§..# #.....##
#.....>D§..## #.......
#.....§@§...# #.....##
##.......#..#####.....#
#......§##<....##.....#
#.....§.##............#
#.....§§##.####.......##
###########...§..##.####.#.......
#..........#.....##.#....#.......
.......).....#........####.....##
.............#.##................


You could see a steam dragon (catching breath).

Vanquished Creatures
  Prince Ribbit (D:5)
  A water moccasin (D:5)
  An ice beast (D:5)
  A phantom (D:3)
  A necrophage (D:4)
  A scorpion (D:4)
  An orc priest (D:5)
  3 hounds
  A gnoll shaman (D:4)
  Ijyb (D:5)
  Natasha (thrice) (D:4)
  4 iguanas (D:5)
  5 adders
  4 gnolls (D:4)
  2 ufetubi (D:5)
  2 worms
  A dart slug (D:4)
  8 orcs
  5 ball pythons
  8 endoplasms
  3 giant cockroaches
  9 hobgoblins
  4 jackals
  5 kobolds
  5 quokkas
  4 bats
  2 frilled lizards
  5 goblins
  3 rats
94 creatures vanquished.

Vanquished Creatures (others)
  An orc (D:5)
1 creature vanquished.

Grand Total: 95 creatures vanquished

Notes
Turn   | Place    | Note
-------+----------+-------------------------------------------
     0 | D:1      | RetardAnonLol the Hill Orc Fighter began the quest for the
                  | Orb.
     0 | D:1      | Reached XP level 1. HP: 19/19 MP: 1/1
   173 | D:1      | Reached XP level 2. HP: 9/27 MP: 2/2
   439 | D:1      | Reached skill level 3 in Axes
   481 | D:1      | Found a faded altar of an unknown god.
   509 | D:1      | Prayed at the altar of an unknown god.
   509 | D:1      | Became a worshipper of Nemelex Xobeh the Trickster
   509 | D:1      | Reached * piety under Nemelex Xobeh
   759 | D:1      | You fall into a shaft and drop 1 floor!
   854 | D:2      | Reached XP level 3. HP: 29/33 MP: 3/3
  1045 | D:1      | Found Elinec Ycaum's Antique Armour Boutique.
  1585 | D:2      | Received a gift from Nemelex Xobeh
  2061 | D:2      | Reached ** piety under Nemelex Xobeh
  2283 | D:3      | Reached skill level 4 in Axes
  2283 | D:3      | Reached XP level 4. HP: 25/40 MP: 4/4
  2454 | D:3      | Learned a level 1 spell: Apportation
  2612 | D:3      | Gained mutation: You are agile. (Dex +4, Int/Str-1) [potion
                  | of mutation]
  2742 | D:3      | Found Kadgh's Weapon Shop.
  2780 | D:3      | Received a gift from Nemelex Xobeh
  3309 | D:4      | Noticed a phantom
  3349 | D:3      | Killed a phantom
  3350 | D:3      | Reached skill level 5 in Axes
  3350 | D:3      | Reached XP level 5. HP: 28/47 MP: 5/5
  3517 | D:4      | Reached XP level 6. HP: 18/51 MP: 6/6
  4119 | D:4      | Noticed Natasha
  4130 | D:4      | Killed Natasha
  4131 | D:4      | Reached skill level 6 in Axes
  4333 | D:4      | Noticed Natasha
  4339 | D:4      | Killed Natasha
  4350 | D:4      | Noticed Natasha
  4463 | D:4      | Killed Natasha
  4507 | D:4      | Learned a level 3 spell: Conjure Flame
  4532 | D:5      | Entered Level 5 of the Dungeon
  4532 | D:5      | Noticed Ijyb
  4733 | D:4      | Reached skill level 5 in Armour
  4733 | D:4      | Reached XP level 7. HP: 18/60 MP: 7/7
  5212 | D:4      | Reached skill level 7 in Axes
  5533 | D:5      | Killed Ijyb
  5534 | D:5      | Reached skill level 1 in Dodging
  5828 | D:5      | Reached skill level 5 in Fighting
  6106 | D:5      | Learned a level 1 spell: Foxfire
  6133 | D:5      | Reached *** piety under Nemelex Xobeh
  6334 | D:5      | HP: 3/61 [iguana (11)]
  6783 | D:5      | Received a gift from Nemelex Xobeh
  6797 | D:5      | Reached XP level 8. HP: 68/68 MP: 8/8
  6804 | D:5      | Reached skill level 8 in Axes
  6888 | D:5      | Learned a level 2 spell: Scorch
  6959 | D:5      | Noticed Prince Ribbit
  6981 | D:5      | Killed Prince Ribbit
  7157 | D:5      | Killed from afar by a steam dragon

Illustrated notes

Levels and vault maps discovered:
D:1:      dpeg_arrival_shrine, layout_basic, serial_shops,
          nicolae_shop_hallway_plus, chequers_ecumenical_altar_simple_redux
D:2:      layout_loops_corners
D:3:      layout_basic, serial_shops, nicolae_shop_bloodbath_and_beyond,
          chequers_serial_rivers_large_a, columned_hall_lemuel,
          kennysheep_generic_room_16
D:4:      layout_basic, uniq_natasha
D:5:      layout_rooms, hangedman_decor_opposing, kennysheep_generic_room_14,
          uniq_prince_ribbit1, uniq_ijyb
D:6:      layout_rooms, serial_shops, nicolae_shop_hallway_plus, minivault_4,
          minmay_unpleasant_kobolds, uniq_pikel

Skill      XL: |  1  2  3  4  5  6  7  8 |
---------------+-------------------------+-----
Axes           | 3 4 5 6 7 8 |  8.4
Fighting       | 4 5 |  5.5
Shields        | 4 |  4.8
Armour         | 4 5 6 |  6.3
Dodging        | 1 |  1.2
Stealth        | |  0.9
Evocations     | |  0.8

Action                   |  1- 3 |  4- 6 |  7- 9 || total
-------------------------+-------+-------+-------++-------
Melee: War axe           |   100 |   148 |   104 ||   352
Invok: Draw Destruction  |       |     2 |     3 ||     5
       Draw Escape       |       |       |     1 ||     1
Evoke: Wand              |       |     7 |     7 ||    14
  Use: Scroll            |     6 |     7 |     3 ||    16
       Potion            |     2 |     3 |       ||     5
Armor: Scale mail        |    48 |    75 |    42 ||   165
Dodge: Dodged            |    63 |    67 |    53 ||   183
Block: Buckler           |    28 |    37 |    37 ||   102

Table legend: (Time is in decaauts)
 A = Elapsed time spent in this place.
 B = Non-inter-level travel time spent in this place.
 C = Inter-level travel time spent in this place.
 D = Time resting spent in this place.
 E = Time spent auto-exploring this place.
 F = Levels seen in this place.
 G = Mean time per level.
                   A        B        C        D        E       F      G
               +--------+--------+--------+--------+--------+-----+--------+
         Total |   7259 |   6751 |    508 |   2969 |   2740 |   6 | 1209.8 |
       Dungeon |   7259 |   6751 |    508 |   2969 |   2740 |   6 | 1209.8 |
               +--------+--------+--------+--------+--------+-----+--------+

Top non-repeatable levels by time:
     D:4: 2230 daAuts
     D:5: 1398 daAuts
     D:1: 1367 daAuts
     D:3: 1341 daAuts
     D:2: 905 daAuts
     D:6: 16 daAuts
